 Dungeon Crawl Stone Soup version 0.15.0-16-gce31824 (webtiles) character file.

18503 Gravenous the Spear-Bearer (level 12, -5/114 HPs)
             Began as a Naga Fighter on Sept 6, 2014.
             Was a High Priest of Okawaru.
             Slain by Snorg (11 damage)
             ... on Level 3 of the Lair of Beasts.
             The game lasted 00:32:57 (15192 turns).

Gravenous the Spear-Bearer (Naga Fighter)          Turns: 15192, Time: 00:32:58

HP  -5/114       AC 15     Str 24      XL: 12   Next: 59%
MP  11/12        EV  7     Int 11      God: Okawaru [*****.]
Gold 639         SH 14     Dex 10      Spells:  0 memorised, 11 levels left

rFire  . . .     SeeInvis +     L - +2 demon trident (elec)
rCold  . . .     Clarity  +     b - +1 scale mail
rNeg   . . .     rCorr    .     c - +0 shield
rPois  +         rRot     .     I - +2 hat {MR+}
rElec  +         Spirit   .     G - +1 cloak
SustAb .         Warding  .     h - +0 pair of gloves
rMut   .         Stasis   .     (no barding)
Gourm  .                        N - amulet of Vyusmoheo {Clar rElec}
MR     ++...                    (no ring)
                                B - +2 ring of intelligence

@: heroism, very slow, very resistant to hostile enchantments, very unstealthy
A: spit poison, see invisible, deformed body, poison resistance, slowness 2, AC
+4
a: Spit Poison, Heroism, Finesse, Renounce Religion


You were on level 3 of the Lair of Beasts.
You worshipped Okawaru.
Okawaru was extremely pleased with you.
You were hungry.

You visited 3 branches of the dungeon, and saw 15 of its levels.
You also visited: Bailey.

You collected 639 gold pieces.

Inventory:

Hand weapons
 a - a +1 trident
 C - a +2 demon trident of venom
 L - a +2 demon trident of electrocution (weapon)
Armour
 b - a +1 scale mail (worn)
 c - a +0 shield (worn)
 h - a +0 pair of gloves (worn)
 j - a +0 plate armour
 G - a +1 cloak (worn)
 I - a +2 hat of magic resistance (worn)
 J - a +0 plate armour
 K - the +0 robe of Peek-a-Boo {Dex+2 Int+2, unknown}
   (Okawaru gifted it to you on level 1 of the Lair of Beasts)

   It affects your intelligence (+2).
   It affects your dexterity (+2).
Magical devices
 r - a wand of polymorph (0)
 s - a wand of random effects (10)
 u - a wand of slowing (23)
 v - a wand of frost (3)
 x - a wand of fire (0)
 D - a wand of flame (16)
Comestibles
 d - 7 bread rations
 i - 2 beef jerkies
 w - 4 meat rations
 A - 10 fruits
 F - 8 slices of pizza
 H - 2 chunks of sheep flesh
Scrolls
 e - a scroll of amnesia
 f - 2 scrolls of fear
 m - 2 scrolls of enchant armour
 n - 7 scrolls of remove curse
 p - 7 scrolls of identify
 E - a scroll of teleportation
Jewellery
 y - an uncursed amulet of warding
 B - a +2 ring of intelligence (left hand)
 N - the amulet of Vyusmoheo (around neck) {Clar rElec}
   (You found it on level 2 of the Lair of Beasts)

   [amulet of clarity]

   It provides mental clarity.
   It insulates you from electricity.
Potions
 g - a potion of curing
 k - 3 potions of restore abilities
 l - 3 potions of cancellation
 o - 2 potions of brilliance
 q - a potion of heal wounds
 z - a potion of cure mutation
 O - a potion of flight
Books
 M - a book of Cantrips

   Spells                             Type                      Level
   Corona                             Hexes                        1
   Animate Skeleton                   Necromancy                   1
   Summon Small Mammal                Summoning                    1
   Apportation                        Translocation                1
Miscellaneous
 t - a lamp of fire


   Skills:
 * Level 9.3(14.3) Fighting
 - Level 14.0(19.0) Polearms
 - Level 2.4(7.4) Armour
 + Level 10.1(15.1) Shields


You had 11 spell levels left.
You didn't know any spells.

Dungeon Overview and Level Annotations

Branches:
Dungeon (11/15)            Temple (1/1) D:7             Orc (0/4) D:9
   Lair (3/8) D:11          Snake (0/5) Lair:3
  Swamp: Lair:3-6    Shoals: Lair:3-6

Altars:
Ashenzari
Cheibriados
Dithmenos
Elyvilon
Fedhas
Kikubaaqudgha
Makhleb
Nemelex Xobeh
Okawaru
Qazlal
Sif Muna
Trog
Vehumet
Xom
Yredelemnul
Zin
The Shining One

Shops:
D:8 :   D:10 %

Annotations:
D:5 Gravenous' ghost, experienced MiGl
Lair:3 Snorg


Innate Abilities, Weirdness & Mutations

You cannot wear boots.
You can spit poison.
Your serpentine skin is tough (AC +4).
You have supernaturally acute eyesight.
Armour fits poorly on your strangely shaped body.
Your system is resistant to poisons.
You cover ground very slowly.


Message History

Snorg barely misses you. You block Snorg's attack.
Snorg claws you but does no damage.
Your scale mail prevents you from hitting Snorg.
Snorg is almost dead.
Snorg bites you!
* * * LOW HITPOINT WARNING * * *
You block Snorg's attack. Snorg claws you but does no damage.
Unknown command.
You barely miss Snorg.
Snorg is almost dead.
Snorg bites you.
* * * LOW HITPOINT WARNING * * *
You block Snorg's attack. Snorg barely misses you.
Unknown command.
You hit Snorg.
Snorg is almost dead.
Snorg bites you!
* * * LOW HITPOINT WARNING * * *
Snorg claws you!
You die...

### #..#
####PP♣...♣.≈#
##.#### #.P♣♣.♣♣≈≈#
.##..#.P#
#≈♣≈≈).♣.≈#
.......##
##≈≈♣.♣≈P##
##....... ####.####.
##.......# ........
#$.......# ........
#...T..# +...)....
##@# #........ ##..#
#........ ##...#
##.<.##P# #...## ###
.P. ### #....#
#..... . ##....####
#...... +
#........##........
#.....##..##........
##.....#..##.(.Y....


You could see Snorg (berserk).

Vanquished Creatures
  Maud (Lair:3)
  Gastronok (D:10)
  Harold (Lair:3)
  2 hydras
  Erica (Lair:3)
  A griffon (Lair:2)
  A centaur zombie (D:10)
  4 spiny frogs
  2 two-headed ogres
  3 trolls
  3 blink frogs (Lair:2)
  3 basilisks
  9 yaks
  A hog (D:8)
  3 hungry ghosts (D:9)
  3 nagas (Lair:3)
  3 wolves (Lair:3)
  4 hippogriffs
  3 water moccasins
  A human (D:8)
  2 vampire mosquitoes (D:11)
  4 porcupines
  2 sky beasts
  A black bear (D:7)
  A yellow wasp (D:8)
  2 phantoms
  2 centaurs
  5 ogres
  2 orc warriors
  A necrophage (D:8)
  5 crocodiles
  A big kobold (D:10)
  3 giant frogs
  7 scorpions
  A troll skeleton (D:10)
  2 troll zombies (D:9)
  4 wights (D:10)
  11 killer bees
  A centaur skeleton (D:3)
  8 hounds
  2 jellies
  Crazy Yiuf (D:6)
  4 crimson imps
  4 orc priests
  2 iguanas (D:10)
  A quasit (D:7)
  8 worker ants
  10 orc wizards
  24 sheep
  A mottled dragon zombie (D:5)
  5 ogre zombies
  An ogre skeleton (D:9)
  A hound skeleton (D:9)
  A mummy (D:8)
  10 orc zombies
  5 gnolls (D:9)
  A scorpion zombie (D:10)
  9 adders
  8 green rats (Lair:2)
  2 giant mites
  4 shadow imps
  A worm (D:5)
  An adder skeleton (D:7)
  An iguana skeleton (D:5)
  5 giant geckos
  An ooze (D:5)
  19 orcs
  3 giant cockroaches
  15 goblins
  8 hobgoblins
  10 jackals
  22 kobolds
  8 quokkas
  A ball python (D:3)
  16 bats
  2 giant newts
  A giant spore (D:6)
  A goblin skeleton (D:9)
  3 goblin zombies (D:9)
  5 hobgoblin zombies (D:9)
  2 kobold zombies (D:6)
  2 orc skeletons (D:9)
  23 rats
  2 ballistomycetes (D:6)
371 creatures vanquished.

Vanquished Creatures (others)
  3 fungi (Lair:3)
  2 plants (Lair:3)
5 creatures vanquished.

Grand Total: 376 creatures vanquished

Notes
Turn   | Place    | Note
--------------------------------------------------------------
     0 | D:1      | Gravenous, the Naga Fighter, began the quest for the Orb.
     0 | D:1      | Reached XP level 1. HP: 21/21 MP: 1/1
   107 | D:1      | Reached XP level 2. HP: 20/28 MP: 2/2
   902 | D:2      | Reached XP level 3. HP: 18/34 MP: 3/3
  1598 | D:3      | Reached XP level 4. HP: 22/42 MP: 4/4
  2012 | D:3      | Reached skill level 4 in Polearms
  2084 | D:4      | Reached XP level 5. HP: 22/49 MP: 5/5
  2652 | D:4      | Reached skill level 5 in Polearms
  2668 | D:4      | Reached XP level 6. HP: 54/56 MP: 6/6
  3114 | D:4      | Found an ancient bone altar of Kikubaaqudgha.
  3586 | D:5      | Entered Level 5 of the Dungeon
  3614 | D:5      | Reached skill level 6 in Polearms
  3614 | D:5      | Reached XP level 7. HP: 53/62 MP: 7/7
  3818 | D:5      | Noticed Gravenous' ghost (experienced MiGl)
  4517 | D:6      | Reached skill level 7 in Polearms
  4531 | D:6      | Noticed Crazy Yiuf
  4546 | D:6      | Killed Crazy Yiuf
  4706 | D:6      | Reached XP level 8. HP: 48/69 MP: 8/8
  4802 | D:6      | Reached skill level 5 in Shields
  5109 | D:7      | Found a white marble altar of Elyvilon.
  5149 | D:7      | Reached skill level 8 in Polearms
  5218 | D:7      | Found a staircase to the Ecumenical Temple.
  5236 | Temple   | Entered the Ecumenical Temple
  5256 | Temple   | Became a worshipper of Warmaster Okawaru
  5557 | D:7      | Reached skill level 9 in Polearms
  5921 | D:7      | Found a sparkling altar of Nemelex Xobeh.
  5921 | D:7      | Found a glowing silver altar of Zin.
  5922 | D:7      | Found a shimmering altar of Xom.
  6055 | D:8      | Reached XP level 9. HP: 75/75 MP: 9/9
  6057 | D:8      | Acquired Okawaru's first power
  6218 | D:8      | Reached skill level 10 in Polearms
  6316 | D:8      | Found Gudgh's Book Boutique.
  6395 | D:8      | Noticed a troll
  6406 | D:8      | Killed a troll
  7014 | D:8      | Reached skill level 11 in Polearms
  7237 | D:8      | Reached XP level 10. HP: 48/84 MP: 10/10
  7850 | D:9      | Reached skill level 12 in Polearms
  7996 | D:9      | Found a flagged portal.
  8007 | Bailey   | Entered a bailey
  8019 | Bailey   | Gained mutation: Your spells are a little harder to cast, but a little more powerful. [potion of mutation]
  8019 | Bailey   | Gained mutation: You have a pair of small horns on your head. [potion of mutation]
  8019 | Bailey   | Gained mutation: You are frail (-10% HP). [potion of mutation]
  8076 | Bailey   | Found an iron altar of Okawaru.
  8076 | Bailey   | Noticed an orc knight
  8286 | D:9      | Found a staircase to the Orcish Mines.
  8424 | D:9      | Found a shadowy altar of Dithmenos.
  8932 | D:9      | Found a blossoming altar of Fedhas.
  9335 | D:10     | Entered Level 10 of the Dungeon
  9818 | D:10     | Reached skill level 13 in Polearms
  9927 | D:10     | Found Graustrai's Food Shop.
  9990 | D:10     | Noticed Gastronok
 10026 | D:10     | Killed Gastronok
 10026 | D:10     | Acquired Okawaru's second power
 10026 | D:10     | Reached XP level 11. HP: 36/81 MP: 11/11
 11000 | D:11     | Found a staircase to the Lair.
 11024 | Lair:1   | Entered Level 1 of the Lair of Beasts
 11127 | Lair:1   | Reached skill level 14 in Polearms
 11163 | Lair:1   | Received a gift from Okawaru
 11402 | Lair:1   | Found a dark tunnel.
 11585 | Lair:1   | Noticed a four-headed hydra
 11596 | Lair:1   | Killed a four-headed hydra
 11596 | Lair:1   | Received a gift from Okawaru
 11600 | Lair:1   | Reached skill level 5 in Fighting
 11608 | Lair:1   | Got a ripped robe {god gift}
 12539 | Lair:2   | Noticed a four-headed hydra
 12542 | Lair:2   | a four-headed hydra changed into a griffon
 12647 | Lair:2   | Got a heavily runed steel amulet
 12650 | Lair:2   | Identified the amulet of Vyusmoheo {Clar rElec} (You found it on level 2 of the Lair of Beasts)
 12885 | Lair:2   | Reached XP level 12. HP: 72/95 MP: 12/12
 13475 | Lair:3   | Noticed Harold
 13811 | Lair:2   | Lost mutation: You are frail (-10% HP). [potion of cure mutation]
 13811 | Lair:2   | Lost mutation: Your spells are a little harder to cast, but a little more powerful. [potion of cure mutation]
 13811 | Lair:2   | Lost mutation: You have a pair of small horns on your head. [potion of cure mutation]
 13827 | Lair:3   | Killed Harold
 13853 | Lair:3   | Noticed Maud
 13871 | Lair:3   | Killed Maud
 14264 | Lair:3   | Noticed Erica
 14277 | Lair:3   | Killed Erica
 14333 | Lair:3   | Found a staircase to the Snake Pit.
 14346 | Lair:3   | Reached skill level 10 in Shields
 14352 | Lair:3   | Noticed a five-headed hydra
 14367 | Lair:3   | Killed a five-headed hydra
 14367 | Lair:3   | Received a gift from Okawaru
 14667 | Lair:3   | Noticed Snorg
 14953 | Lair:3   | Noticed a five-headed hydra
 15192 | Lair:3   | Slain by Snorg

Action                   |  1- 3 |  4- 6 |  7- 9 | 10-12 || total
-------------------------+-------+-------+-------+-------++-------
Melee: Trident           |   151 |   162 |   560 |   878 ||  1751
       Demon trident     |       |       |       |   101 ||   101
Invok: Heroism           |       |       |       |     4 ||     4
 Abil: Spit Poison       |       |     7 |    21 |    16 ||    44
Evoke: Wand              |       |     1 |     6 |    13 ||    20
       Lamp of fire      |       |       |       |     2 ||     2
  Use: Scroll            |       |    14 |     1 |    15 ||    30
       Potion            |       |       |     3 |     9 ||    12
  Eat: Chunk             |     2 |     7 |     7 |    12 ||    28
       Bread ration      |       |       |     2 |     3 ||     5
       Beef jerky        |       |       |       |     2 ||     2
